[Event "Titled Tuesday Blitz November 29 Late 2022"]
[White "Grot, Blazej"]
[Black "Gubajdullin, Alexei"]
[WhiteFideId "21835845"]
[BlackFideId "4141202"]
[WhiteElo "1822"]
[BlackElo "2230"]
[Result "1-0"]
[Round "02"]
[TimeControl "180+1"]
[Date "2022.11.30"]
[WhiteClock "0:00:14"]
[BlackClock "0:00:01"]

1. e4 c6 2. Nc3 d5 3. Qe2 d4 4. Nd1 e5 5. d3 Bb4+ 6. Bd2 Bxd2+ 7. Qxd2 f6 8. g3 Nh6 9. Bg2 O-O 10. f4 Qb6 11. Nf3 Ng4 12. fxe5 fxe5 13. O-O Ne3 14. Nxe3 dxe3 15. Qe2 Bg4 16. b3 Na6 17. Rae1 Nb4 18. a3 Nxc2 19. Qxc2 e2+ 20. Rf2 Bxf3 21. Bxf3 Rxf3 22. Rxe2 Raf8 23. Kg2 Rxf2+ 24. Rxf2 Rxf2+ 25. Qxf2 Qxb3 26. Qxa7 Kf7 27. Qb8 Qa2+ 28. Kf3 Qb3 29. Kg2 Qb5 30. Qc7+ Ke6 31. Qxg7 Qxd3 32. Qh6+ Kd7 33. Qxh7+ Kc8 34. Qf5+ Kb8 35. Qxe5+ Ka8 36. h4 Qxa3 37. h5 Qa2+ 38. Kh3 Qb1 39. Kh4 b5 40. h6 b4 41. Kg5 Qh1 42. Kg6 b3 43. h7 Ka7 44. h8=Q Qd1 45. Qd4+ 1-0


[Site "https://www.chess.com"]

[Event "Titled Tuesday Blitz November 29 Late 2022"]
[White "Gurevich, Dmitry"]
[Black "Yoo, Christopher Woojin"]
[WhiteFideId "2000407"]
[BlackFideId "30909694"]
[WhiteElo "2506"]
[BlackElo "2463"]
[Result "0-1"]
[Round "02"]
[TimeControl "180+1"]
[Date "2022.11.30"]
[WhiteClock "0:00:13"]
[BlackClock "0:01:27"]

1. d4 Nf6 2. c4 g6 3. Nc3 Bg7 4. e4 d6 5. Nf3 O-O 6. Be2 e5 7. O-O h6 8. Be3 Ng4 9. Bc1 Nc6 10. d5 Nd4 11. Nxd4 exd4 12. Bxg4 dxc3 13. bxc3 Qe7 14. Bxc8 Raxc8 15. Qd3 c6 16. Bd2 cxd5 17. cxd5 Qc7 18. Rab1 b6 19. Kh1 Qc4 20. Qxc4 Rxc4 21. f3 g5 22. g4 Bxc3 23. Bxc3 Rxc3 24. Rb2 Rfc8 25. Kg2 R8c4 26. Rff2 Kg7 27. Rb3 Rxb3 28. axb3 Rb4 29. Rc2 Kf6 30. Rc6 Ke5 31. Rc7 a5 32. Rxf7 Rxb3 33. Ra7 Kf4 34. Rf7+ Ke3 35. Rb7 a4 36. e5 dxe5 37. d6 a3 38. d7 Rd3 39. Ra7 Ke2 40. Rxa3 Rxd7 41. Rb3 Rd6 42. Rb5 Re6 43. Rb3 Kd2 44. Kg3 Kc2 45. Rb5 Kc3 46. h4 Kc4 47. Rb1 b5 48. hxg5 hxg5 49. Rc1+ Kd3 50. Rd1+ Kc2 51. Rd5 b4 52. Rc5+ Kb2 53. Rb5 b3 54. Kf2 Kc3 55. Ke3 b2 56. Ke4 Rf6 57. Rb8 Rf4+ 0-1


[Site "https://www.chess.com"]

[Event "Titled Tuesday Blitz November 29 Late 2022"]
[White "Han, Yichen"]
[Black "Qashashvili, Alexandre"]
[WhiteFideId "1054430"]
[BlackFideId "13600842"]
[WhiteElo "2323"]
[BlackElo "2405"]
[Result "1-0"]
[Round "02"]
[TimeControl "180+1"]
[Date "2022.11.30"]
[WhiteClock "0:00:17"]
[BlackClock "0:00:02"]

1. d4 c6 2. e4 d5 3. exd5 cxd5 4. c4 Nf6 5. Nc3 Nc6 6. Be2 Bf5 7. Bg5 e6 8. Nf3 dxc4 9. O-O Be7 10. Bxc4 O-O 11. Re1 h6 12. Bf4 Bd6 13. Ne5 a6 14. Nxc6 bxc6 15. Be5 Nd5 16. Bf1 Nxc3 17. bxc3 Bxe5 18. Rxe5 Qd6 19. Qf3 Rfc8 20. Rc5 a5 21. a4 Bc2 22. g3 Bb3 23. Qe3 Rd8 24. Bd3 Re8 25. Qe4 f5 26. Qxc6 Qxc6 27. Rxc6 Rac8 28. Bb5 Rxc6 29. Bxc6 Rc8 30. Ra3 Bd5 31. Bxd5 exd5 32. Rb3 Rc4 33. Rb5 Rxa4 34. Rxd5 Rc4 35. Rxa5 Rxc3 36. Rxf5 Rd3 37. Rd5 Kf7 38. Kf1 Rd2 39. Rd7+ Kf6 40. Kg2 Rd3 41. Kh3 Rd2 42. f4 g5 43. fxg5+ hxg5 44. d5 Kf5 45. Rf7+ Kg6 46. Rd7 Kf5 47. g4+ Ke5 48. Rg7 Kf4 49. Rf7+ Ke4 50. Rf5 Rd3+ 51. Kg2 1-0


[Site "https://www.chess.com"]

[Event "Titled Tuesday Blitz November 29 Late 2022"]
[White "Hardaway, Brewington"]
[Black "Buchenau, Frank"]
[WhiteFideId "30941849"]
[BlackFideId "4604350"]
[WhiteElo "2159"]
[BlackElo "2157"]
[Result "1-0"]
[Round "02"]
[TimeControl "180+1"]
[Date "2022.11.30"]
[WhiteClock "0:00:07"]
[BlackClock "0:00:08"]

1. Nf3 Nf6 2. d4 e6 3. c4 b6 4. Nc3 Bb4 5. Qb3 c5 6. g3 Bb7 7. Bg2 Nc6 8. dxc5 Nd4 9. Nxd4 Bxg2 10. Rg1 Bxc5 11. Nxe6 dxe6 12. Qa4+ Ke7 13. Rxg2 Re8 14. Bf4 Kf8 15. Rd1 Qc8 16. Nb5 Qc6 17. f3 e5 18. Bg5 e4 19. f4 e3 20. Rg1 Ng4 21. h3 Nf2 22. Nc3 Qxa4 23. Nxa4 Bb4+ 24. Nc3 f6 25. Bh4 Nxd1 26. Kxd1 Rac8 27. Kc2 Rxc4 28. Kb3 Rd4 29. Nb5 Rde4 30. g4 Bd2 31. Nd6 Rb4+ 32. Kc2 Rd8 33. Nf5 Rc8+ 34. Kb1 Bc3 35. b3 Bd2 36. Bg3 a5 37. Nd6 Rc6 38. f5 a4 39. Nb7 axb3 40. Bd6+ Rxd6 41. Nxd6 bxa2+ 42. Kxa2 b5 43. Rb1 Rxb1 44. Kxb1 b4 45. Nc4 Ke7 46. Kc2 Kd7 47. Kb3 Kc6 48. Nb2 Kd5 49. Nd3 Ke4 50. Kc4 b3 51. Kxb3 g6 52. fxg6 hxg6 53. Kc4 f5 54. gxf5 gxf5 55. h4 f4 56. Nc5+ Kf5 57. Kd3 Kg4 58. Ke4 Kxh4 59. Kxf4 Kh3 60. Kf3 Kh4 61. Ne4 Kh5 62. Ng3+ Kg6 63. Kg4 Kf6 64. Kf4 Ke6 65. Nf1 Kd5 66. Kf3 Ke5 67. Ng3 Kd5 68. Ne4 Ke5 69. Nc5 Kd5 70. Nd3 Kd4 71. Nf4 Bc1 72. Nh3 Bd2 73. Ng5 Bc1 74. Nf7 Bd2 75. Nd8 Bc1 76. Nc6+ Kd5 77. Nb4+ Kd4 78. Nd3 Bd2 79. Kf4 Bc3 80. Ne5 Bd2 81. Nf3+ Kc3 82. Ke4 Kc2 83. Nd4+ Kd1 84. Kd3 Ke1 85. Nf3+ Kd1 86. Ng1 Ke1 87. Nf3+ Kd1 88. Nh2 Ke1 89. Ng4 Kd1 90. Nxe3+ Ke1 91. Nc2+ Kd1 92. e4 Bf4 93. Nd4 Ke1 94. Ne2 Bh2 95. Ke3 Kd1 96. Nd4 Ke1 97. Nf3+ Kf1 98. Nxh2+ 1-0


[Site "https://www.chess.com"]

[Event "Titled Tuesday Blitz November 29 Late 2022"]
[White "Harish, Neeraj"]
[Black "Przybylski, Wojciech"]
[WhiteFideId "30958130"]
[BlackFideId "1117599"]
[WhiteElo "1815"]
[BlackElo "2221"]
[Result "1-0"]
[Round "02"]
[TimeControl "180+1"]
[Date "2022.11.30"]
[WhiteClock "0:00:06"]
[BlackClock "0:00:04"]

1. e4 e5 2. Nf3 Nc6 3. Bc4 Nf6 4. d3 Bc5 5. O-O h6 6. Nbd2 O-O 7. h3 a5 8. Re1 a4 9. a3 d6 10. Nf1 Ne7 11. Ng3 c6 12. Ba2 Qb6 13. Re2 Be6 14. Bxe6 fxe6 15. c3 Ng6 16. d4 Nd7 17. dxc5 Nxc5 18. Be3 Qb5 19. Qxd6 Nb3 20. Rd1 Nf4 21. Ree1 Nxh3+ 22. gxh3 Rxf3 23. Qxe6+ Kh7 24. Qg4 Rf6 25. Rd7 Rg8 26. Kh2 Nc5 27. Re7 Nd3 28. Rg1 Nxf2 29. Bxf2 Rxf2+ 30. Kh1 Qd3 31. Nf5 Kh8 32. Rxg7 Qf3+ 33. Qxf3 Rxg7 34. Qxf2 Rf7 35. Rg6 Kh7 36. Rg2 Rf6 37. Qg3 Rg6 38. Qxg6+ Kh8 39. Qg7# 1-0


[Site "https://www.chess.com"]

[Event "Titled Tuesday Blitz November 29 Late 2022"]
[White "Haszon, David"]
[Black "Kovacevic, Radmila"]
[WhiteFideId "733610"]
[BlackFideId "933171"]
[WhiteElo "2211"]
[BlackElo "2208"]
[Result "1-0"]
[Round "02"]
[TimeControl "180+1"]
[Date "2022.11.30"]
[WhiteClock "0:02:17"]
[BlackClock "0:01:50"]

1. e4 e5 2. Nf3 f5 3. Nxe5 Qf6 4. d4 d6 5. Nc4 fxe4 6. Nc3 Qg6 7. Nd5 Na6 8. Nce3 c6 9. Bxa6 cxd5 10. Bb5+ Kd8 11. O-O Nh6 12. Nxd5 Bh3 13. Nf4 Qg5 14. Ne6+ Bxe6 15. Bxg5+ 1-0


[Site "https://www.chess.com"]

[Event "Titled Tuesday Blitz November 29 Late 2022"]
[White "Howell, David W L"]
[Black "Kim, Sergey"]
[WhiteFideId "410608"]
[BlackFideId "13700570"]
[WhiteElo "2567"]
[BlackElo "2618"]
[Result "1-0"]
[Round "02"]
[TimeControl "180+1"]
[Date "2022.11.30"]
[WhiteClock "0:01:03"]
[BlackClock "0:01:12"]

1. Nc3 Nf6 2. e4 e5 3. Nf3 Nc6 4. g3 g6 5. Bg2 Bg7 6. O-O O-O 7. d4 exd4 8. Nxd4 d6 9. Nde2 Re8 10. h3 Bd7 11. g4 h6 12. Ng3 Rb8 13. Be3 b5 14. a3 a5 15. Qd2 Kh7 16. b3 b4 17. axb4 axb4 18. Nce2 Ng8 19. Ra2 Qh4 20. Nd4 Nxd4 21. Bxd4 Bc6 22. Bxg7 Kxg7 23. Ra7 Re7 24. Qd4+ Qf6 25. Qxf6+ Nxf6 26. e5 1-0


[Site "https://www.chess.com"]

[Event "Titled Tuesday Blitz November 29 Late 2022"]
[White "Huber, Benedikt"]
[Black "Girel, Joseph"]
[WhiteFideId "12923583"]
[BlackFideId "36033561"]
[WhiteElo "2199"]
[BlackElo "2281"]
[Result "0-1"]
[Round "02"]
[TimeControl "180+1"]
[Date "2022.11.30"]
[WhiteClock "0:00:09"]
[BlackClock "0:00:55"]

1. d4 Nf6 2. Nf3 b6 3. b3 Bb7 4. Bb2 g6 5. e3 Bg7 6. Be2 O-O 7. O-O e6 8. c4 Ne4 9. Nbd2 d6 10. Qc2 Nxd2 11. Nxd2 Nd7 12. Bf3 Qc8 13. b4 a6 14. Rfc1 Bxf3 15. Nxf3 Qb7 16. Rab1 Nf6 17. c5 b5 18. cxd6 cxd6 19. Qc6 Qxc6 20. Rxc6 Rfc8 21. Rbc1 Rxc6 22. Rxc6 Nd5 23. a3 Bf8 24. Kf1 a5 25. bxa5 Rxa5 26. e4 Nf4 27. Rc8 Nd3 28. Rc2 b4 29. axb4 Ra2 30. Ke2 Nxb2 31. Nd2 d5 32. exd5 Bxb4 33. d6 Bxd6 34. Nc4 Nxc4 35. Rxa2 Nb6 36. Ra6 Bc7 37. Ra7 Nd5 38. g3 Bb6 39. Kd3 Bxa7 0-1


[Site "https://www.chess.com"]

[Event "Titled Tuesday Blitz November 29 Late 2022"]
[White "Ibarra Jerez, Jose Carlos"]
[Black "Obrien, Matthew"]
[WhiteFideId "2226332"]
[BlackFideId "2059150"]
[WhiteElo "2638"]
[BlackElo "2604"]
[Result "0-1"]
[Round "02"]
[TimeControl "180+1"]
[Date "2022.11.30"]
[WhiteClock "0:00:05"]
[BlackClock "0:00:04"]

1. e4 c5 2. Nc3 Nc6 3. Nge2 e6 4. d4 cxd4 5. Nxd4 a6 6. g3 d6 7. Bg2 Bd7 8. O-O Nf6 9. Re1 Be7 10. a4 O-O 11. Nxc6 Bxc6 12. a5 Rc8 13. Be3 Nd7 14. Qd2 Qc7 15. f4 b5 16. axb6 Nxb6 17. Qd4 Rb8 18. Rxa6 Nd7 19. Rea1 Rfc8 20. Ra7 Qd8 21. Nd1 d5 22. Qd2 Bc5 23. Bxc5 Nxc5 24. exd5 exd5 25. b4 Ne6 26. c3 d4 27. Bxc6 Rxc6 28. R1a6 Rxa6 29. Rxa6 Qc8 30. Ra5 dxc3 31. Qxc3 Qd8 32. Nf2 h6 33. Qc4 Qd2 34. Rb5 Rd8 35. Re5 Qb2 36. Re2 Qb1+ 37. Kg2 Rb8 38. Re4 Qb2 39. h4 Rd8 40. f5 Rd2 41. fxe6 Rxf2+ 42. Kh3 Rh2+ 43. Kg4 f5+ 44. Kxf5 Qf6+ 45. Kg4 h5+ 46. Kxh5 Qf5# 0-1


[Site "https://www.chess.com"]

[Event "Titled Tuesday Blitz November 29 Late 2022"]
[White "Iliaguev, Nisim"]
[Black "Nakamura, Hikaru"]
[WhiteFideId "2817276"]
[BlackFideId "2016192"]
[WhiteElo "2674"]
[BlackElo "3133"]
[Result "1/2-1/2"]
[Round "02"]
[TimeControl "180+1"]
[Date "2022.11.30"]
[WhiteClock "0:00:17"]
[BlackClock "0:00:20"]

1. c4 Nf6 2. g3 e5 3. Bg2 c6 4. d3 d5 5. Nf3 Bd6 6. O-O h6 7. b3 e4 8. Ne1 Be5 9. d4 Bd6 10. Nc3 Be6 11. Nc2 Nbd7 12. Ba3 Bxa3 13. Nxa3 h5 14. h4 Ng4 15. cxd5 cxd5 16. Rc1 a6 17. Qd2 Qe7 18. Nc2 f5 19. Ne3 Ndf6 20. Na4 O-O 21. Nxg4 hxg4 22. e3 g5 23. hxg5 Nh7 24. g6 Ng5 25. Rc5 Rad8 26. Rfc1 Qg7 27. Rc7 Qxg6 28. Qb4 b5 29. Nc5 Bc8 30. Nb7 Bxb7 31. Rxb7 Rc8 32. Rcc7 Rxc7 33. Rxc7 Rf7 34. Rc8+ Kg7 35. Qc5 Qe6 36. Rc6 Qd7 37. Rd6 Qb7 38. Qxd5 Qxd5 39. Rxd5 Kg6 40. Rd6+ Rf6 41. Rxf6+ Kxf6 42. Kf1 Ke6 43. Ke2 Kd6 44. Kd2 Nh3 45. Ke1 Ng5 46. Kd2 Ne6 47. Kc3 Kc6 48. Bf1 Ng5 49. a4 Nh3 50. axb5+ axb5 51. Kb4 Nxf2 52. Bxb5+ Kd6 53. Kc3 Nh1 54. Kd2 Nxg3 55. Ke1 Nh5 56. Kf2 f4 57. exf4 g3+ 58. Kg2 Kd5 59. f5 Kxd4 60. Be2 Nf4+ 61. Kxg3 Nxe2+ 62. Kf2 Nf4 63. f6 e3+ 64. Ke1 Nd3+ 65. Ke2 Nf4+ 66. Ke1 Nd3+ 67. Ke2 Nc1+ 68. Ke1 Nd3+ 1/2-1/2


[Site "https://www.chess.com"]

[Event "Titled Tuesday Blitz November 29 Late 2022"]
[White "Ilkhomi, Jaloliddin"]
[Black "Rose, Felix"]
[WhiteFideId "14700948"]
[BlackFideId "5105722"]
[WhiteElo "2045"]
[BlackElo "2039"]
[Result "1-0"]
[Round "02"]
[TimeControl "180+1"]
[Date "2022.11.30"]
[WhiteClock "0:00:21"]
[BlackClock "0:00:05"]

1. Nf3 d5 2. d4 Nf6 3. Bf4 e6 4. e3 Bd6 5. Bg3 O-O 6. Nbd2 b6 7. Bd3 c5 8. c3 Ba6 9. Qe2 Bxd3 10. Qxd3 Nc6 11. O-O Bxg3 12. hxg3 Re8 13. Rad1 Qc7 14. dxc5 bxc5 15. e4 c4 16. Qe2 Rab8 17. Rb1 Rb6 18. Rfe1 Reb8 19. b3 dxe4 20. Ng5 cxb3 21. axb3 h6 22. Ngxe4 Nxe4 23. Qxe4 Ne7 24. c4 Nf5 25. g4 Ne7 26. Re3 Ng6 27. Nf3 Qb7 28. Qc2 a5 29. g5 hxg5 30. Nxg5 a4 31. Nxe6 axb3 32. Qf5 Qd7 33. Nxg7 Qxf5 34. Nxf5 b2 35. Ne7+ Kg7 36. Nxg6 Kxg6 37. Re2 Rb3 38. Rc2 Kf5 39. Kf1 Ke4 40. Ke2 Kd4 41. Rd1+ Kc5 42. Rb1 R3b4 43. Kd2 Rd8+ 44. Kc3 Rdb8 45. Rcxb2 Rxc4+ 46. Kd3 Rd8+ 47. Ke2 Re4+ 48. Kf1 Rd3 49. Rb5+ Kd6 50. Rb6+ Ke5 51. R1b5+ Kd4 52. Rd6+ Kc4 53. Rxd3 Kxd3 54. Rb7 f5 55. Rd7+ Kc4 56. f3 Re8 57. Kf2 f4 58. Rf7 Kd3 59. Rxf4 Re2+ 60. Kg3 Re1 61. Ra4 Rh1 62. Re4 Rh8 63. Re7 Kd4 64. Kf2 Kd5 65. g4 Kd6 66. Re1 Rh3 67. Kg2 Rh8 68. Kg3 Kd5 69. f4 Ra8 70. g5 Rg8 71. Kg4 Kd6 72. f5 Kd7 73. g6 Kd6 74. Kg5 Rf8 75. f6 Re8 76. Rxe8 Kd7 77. Re7+ Kd8 78. g7 Kc8 79. g8=Q# 1-0


[Site "https://www.chess.com"]

[Event "Titled Tuesday Blitz November 29 Late 2022"]
[White "Ivic, Velimir"]
[Black "Espinosa, Pedro"]
[WhiteFideId "950122"]
[BlackFideId "30921066"]
[WhiteElo "2625"]
[BlackElo "2016"]
[Result "1-0"]
[Round "02"]
[TimeControl "180+1"]
[Date "2022.11.30"]
[WhiteClock "0:01:06"]
[BlackClock "0:00:05"]

1. e4 c5 2. Nf3 d6 3. d4 cxd4 4. Nxd4 Nf6 5. Nc3 Nc6 6. Bg5 e6 7. Qd2 a6 8. O-O-O Bd7 9. f3 Nxd4 10. Qxd4 Be7 11. Kb1 Qc7 12. h4 b5 13. Bd3 b4 14. Ne2 O-O 15. g4 a5 16. Bc1 a4 17. Qxb4 Rab8 18. Qc3 Qb7 19. h5 Rfc8 20. Qd2 a3 21. b3 d5 22. e5 Ne8 23. Qf4 Bb5 24. Bxh7+ Kxh7 25. h6 f5 26. hxg7+ Kxg7 27. gxf5 Qc6 28. Rdg1+ Kf7 29. Nd4 Qc3 30. fxe6# 1-0


[Site "https://www.chess.com"]

[Event "Titled Tuesday Blitz November 29 Late 2022"]
[White "Janaszak, Dawid"]
[Black "Zhigalko, Sergei"]
[WhiteFideId "1119206"]
[BlackFideId "13502956"]
[WhiteElo "2226"]
[BlackElo "2662"]
[Result "0-1"]
[Round "02"]
[TimeControl "180+1"]
[Date "2022.11.30"]
[WhiteClock "0:00:08"]
[BlackClock "0:00:06"]

1. d4 Nf6 2. Bf4 e6 3. Nf3 d5 4. e3 Bd6 5. Nbd2 O-O 6. c3 c5 7. Bd3 Nc6 8. Qe2 Qc7 9. Bg5 Be7 10. O-O h6 11. Bh4 e5 12. dxe5 Nxe5 13. Nxe5 Qxe5 14. f4 Qc7 15. e4 c4 16. Bc2 dxe4 17. Nxe4 Qb6+ 18. Kh1 Bd7 19. Nxf6+ Bxf6 20. Bxf6 Qxf6 21. Qe4 g6 22. Qxc4 Rfe8 23. Rae1 a6 24. Qd4 Qxd4 25. cxd4 Bb5 26. Rg1 Rad8 27. f5 gxf5 28. Rxe8+ Bxe8 29. Bxf5 Rxd4 30. Rc1 Bc6 31. Kg1 Kg7 32. Rc2 Kf6 33. Bh3 Be4 34. Rf2+ Ke7 35. Re2 Kd6 36. Kf2 f5 37. Ke3 Ke5 38. Rd2 f4+ 39. Ke2 Rc4 40. b3 Rc3 41. Kf2 a5 42. Re2 Rc2 43. Rxc2 Bxc2 44. Bc8 b6 45. Ba6 Bb1 46. a3 Be4 47. g3 Bd5 48. b4 fxg3+ 49. Kxg3 a4 50. Bb5 Bb3 51. Kh4 Kd4 52. Kh5 Kc3 53. Kxh6 Kb2 54. Kg5 Kxa3 55. h4 Kxb4 56. Be8 a3 0-1


[Site "https://www.chess.com"]

[Event "Titled Tuesday Blitz November 29 Late 2022"]
[White "Kamsky, Gata"]
[Black "Lewtak, Damian"]
[WhiteFideId "2000024"]
[BlackFideId "1141724"]
[WhiteElo "2666"]
[BlackElo "2329"]
[Result "1-0"]
[Round "02"]
[TimeControl "180+1"]
[Date "2022.11.30"]
[WhiteClock "0:00:32"]
[BlackClock "0:00:09"]

1. d4 d5 2. Bf4 Nf6 3. e3 e6 4. Nf3 Bd6 5. Bxd6 Qxd6 6. c4 Nbd7 7. Nc3 c6 8. Be2 dxc4 9. Bxc4 Qe7 10. O-O e5 11. e4 O-O 12. a3 exd4 13. Qxd4 Qc5 14. Qxc5 Nxc5 15. e5 Nfe4 16. Nxe4 Nxe4 17. Rfe1 Nc5 18. b4 Be6 19. Bf1 Nb3 20. Rad1 a5 21. Ng5 Bd5 22. e6 f6 23. Ne4 Bxe6 24. Nxf6+ Rxf6 25. Rxe6 Rxe6 26. Bc4 Kf7 27. Bxb3 Kf6 28. Bxe6 Kxe6 29. g3 axb4 30. axb4 Ra4 31. Re1+ Kd6 32. Re4 b5 33. Rh4 c5 34. bxc5+ Kxc5 35. Rxh7 b4 36. Rxg7 b3 37. Rc7+ Kb6 38. Rc3 Ra3 39. Rc8 Ka5 40. Rb8 Ka4 41. Kg2 Ra2 42. h4 b2 43. h5 Ka3 44. h6 1-0


[Site "https://www.chess.com"]

[Event "Titled Tuesday Blitz November 29 Late 2022"]
[White "Khandelwal, Ankush"]
[Black "Fareh, Youness"]
[WhiteFideId "413470"]
[BlackFideId "9000526"]
[WhiteElo "2271"]
[BlackElo "1849"]
[Result "1-0"]
[Round "02"]
[TimeControl "180+1"]
[Date "2022.11.30"]
[WhiteClock "0:00:19"]
[BlackClock "0:00:24"]

1. e4 c5 2. Nf3 e6 3. d4 cxd4 4. Nxd4 Nf6 5. Nc3 Nc6 6. Ndb5 Bb4 7. a3 Bxc3+ 8. Nxc3 d5 9. exd5 exd5 10. Bd3 O-O 11. O-O d4 12. Ne2 Bg4 13. Bg5 Qd6 14. f3 Bh5 15. Qd2 Rfe8 16. Nf4 Bg6 17. Nxg6 hxg6 18. Rfe1 Nd5 19. Be4 Rac8 20. c4 Nf6 21. Bd3 Ne5 22. Bf4 Nfd7 23. b4 Qf6 24. Bg5 Qd6 25. c5 Qc7 26. Be4 Nf6 27. Bxf6 gxf6 28. Qxd4 Rcd8 29. Qc3 a6 30. Rad1 f5 31. Bc2 Nc6 32. Bb3 Rxd1 33. Rxd1 Qe5 34. Qxe5 Rxe5 35. Rd7 Re3 36. Bxf7+ Kf8 37. Rxb7 Ne5 38. Bd5 Nd3 39. h4 Nf4 40. Bc4 Rxa3 41. c6 a5 42. c7 Ra1+ 43. Kh2 1-0


[Site "https://www.chess.com"]

[Event "Titled Tuesday Blitz November 29 Late 2022"]
[White "Kleiman, Jake"]
[Black "Sadhwani, Raunak"]
[WhiteFideId "2020041"]
[BlackFideId "35093487"]
[WhiteElo "2624"]
[BlackElo "2656"]
[Result "0-1"]
[Round "02"]
[TimeControl "180+1"]
[Date "2022.11.30"]
[WhiteClock "0:00:53"]
[BlackClock "0:02:05"]

1. e4 g6 2. d4 Bg7 3. Nc3 d6 4. Be3 a6 5. a4 Nf6 6. h3 O-O 7. Nf3 Nc6 8. Be2 e5 9. dxe5 dxe5 10. O-O Nh5 11. Nd5 Nf6 12. Bg5 Be6 13. c3 Bxd5 14. Bxf6 Qxf6 15. Qxd5 Rfd8 16. Qb3 Na5 17. Qc2 c5 18. Rad1 c4 19. Rxd8+ Rxd8 20. Rd1 b5 21. axb5 axb5 22. g3 Nb3 23. Kg2 Nc5 24. h4 Rxd1 25. Bxd1 Qc6 26. Nd2 Bh6 27. Bf3 Qd6 28. Nf1 Qd3 29. Qxd3 Nxd3 30. Bg4 Nxb2 31. Bd7 b4 32. cxb4 c3 0-1


[Site "https://www.chess.com"]

[Event "Titled Tuesday Blitz November 29 Late 2022"]
[White "Kobo, Ori"]
[Black "Zhang, Derek"]
[WhiteFideId "2812320"]
[BlackFideId "2087871"]
[WhiteElo "2447"]
[BlackElo "2087"]
[Result "1-0"]
[Round "02"]
[TimeControl "180+1"]
[Date "2022.11.30"]
[WhiteClock "0:00:12"]
[BlackClock "0:00:02"]

1. Nf3 d6 2. d4 f5 3. g3 Nf6 4. Bg2 g6 5. O-O Bg7 6. c4 O-O 7. b4 c6 8. Bb2 h6 9. Qb3 Kh7 10. Nbd2 Nbd7 11. Rfd1 Qc7 12. Rac1 e5 13. dxe5 Nxe5 14. c5 Nxf3+ 15. Nxf3 d5 16. Be5 Qf7 17. Nd4 a6 18. h3 Re8 19. f4 Ne4 20. Bxg7 Qxg7 21. Kh2 g5 22. fxg5 hxg5 23. Qf3 Rf8 24. e3 Bd7 25. Qh5+ Qh6 26. Qxh6+ Kxh6 27. Bxe4 fxe4 28. Rf1 g4 29. h4 Kg7 30. a4 Rae8 31. Kg2 Rf3 32. Nxf3 exf3+ 33. Kf2 Re4 34. Rb1 Bf5 35. Rfd1 Rc4 36. Rb2 Rc3 37. Rdd2 Kf6 38. b5 axb5 39. axb5 Bd3 40. bxc6 bxc6 41. Rb6 Bb5 42. Rb8 Rxc5 43. Rg8 Rc4 44. h5 Kf7 45. Rg5 1-0


[Site "https://www.chess.com"]

[Event "Titled Tuesday Blitz November 29 Late 2022"]
[White "Koellner, Ruben Gideon"]
[Black "Van Foreest, Jorden"]
[WhiteFideId "12993093"]
[BlackFideId "1039784"]
[WhiteElo "2303"]
[BlackElo "2661"]
[Result "0-1"]
[Round "02"]
[TimeControl "180+1"]
[Date "2022.11.30"]
[WhiteClock "0:00:08"]
[BlackClock "0:01:38"]

1. d4 Nf6 2. Bg5 d5 3. e3 c5 4. Bxf6 gxf6 5. dxc5 e6 6. c4 dxc4 7. Nd2 c3 8. bxc3 Nd7 9. c6 bxc6 10. Ngf3 f5 11. Be2 Bg7 12. Rc1 O-O 13. Nd4 c5 14. Nc6 Qg5 15. Bf3 Bb7 16. Ne7+ Qxe7 17. Bxb7 Rab8 18. Bf3 Ne5 19. O-O Nd3 20. Rc2 Rfd8 21. Qe2 Qd7 22. Nb3 c4 23. Nd4 Rb6 24. g3 e5 25. Nc6 Rxc6 26. Bxc6 Qxc6 27. Qh5 Qg6 28. Qh4 Rc8 29. Qe7 f4 30. exf4 exf4 31. Re2 Qf5 32. Qb7 Rf8 33. Qe4 Qxe4 34. Rxe4 Rc8 35. Rb1 Bxc3 36. Rb7 Bf6 37. Rd7 c3 38. Rxd3 c2 39. Re1 c1=Q 40. Rxc1 Rxc1+ 41. Kg2 Rc2 42. gxf4 Rxa2 0-1


[Site "https://www.chess.com"]

[Event "Titled Tuesday Blitz November 29 Late 2022"]
[White "Korchmar, Vasiliy"]
[Black "Wieczorek, Zbigniew"]
[WhiteFideId "24131750"]
[BlackFideId "1102001"]
[WhiteElo "2370"]
[BlackElo "2307"]
[Result "0-1"]
[Round "02"]
[TimeControl "180+1"]
[Date "2022.11.30"]
[WhiteClock "0:00:03"]
[BlackClock "0:00:01"]

1. e4 g6 2. d4 Bg7 3. Nc3 c6 4. Be3 d5 5. e5 f6 6. Nf3 Bg4 7. exf6 Nxf6 8. Be2 Bxf3 9. Bxf3 Nbd7 10. O-O e5 11. dxe5 Nxe5 12. Bc5 Kf7 13. g3 Nxf3+ 14. Qxf3 Re8 15. Rfe1 Qd7 16. Rxe8 Rxe8 17. Bxa7 Qg4 18. Qxg4 Nxg4 19. h3 Ne5 20. Kf1 Nc4 21. Nd1 Nd2+ 22. Kg2 Re1 23. c3 Nc4 24. Rb1 b5 25. Bc5 Nxb2 26. Rxb2 Rxd1 27. Bb4 Rd3 28. Rc2 c5 29. Bxc5 Rxc3 30. Rxc3 Bxc3 31. Kf1 d4 32. Ke2 Ke6 33. Kd3 Kd5 34. Bb6 h5 35. g4 hxg4 36. hxg4 Bb2 37. f3 g5 38. Bd8 Bc1 39. Bf6 Be3 40. Bg7 Kc5 41. Bf8+ Kd5 42. Bb4 Ke5 43. Bc5 Kf4 44. Ke2 d3+ 45. Kxd3 Bxc5 46. Ke2 Be3 47. a4 bxa4 0-1


[Site "https://www.chess.com"]

[Event "Titled Tuesday Blitz November 29 Late 2022"]
[White "Korobov, Anton"]
[Black "Sokolovsky, Yahli"]
[WhiteFideId "14105730"]
[BlackFideId "2820242"]
[WhiteElo "3007"]
[BlackElo "2657"]
[Result "1-0"]
[Round "02"]
[TimeControl "180+1"]
[Date "2022.11.30"]
[WhiteClock "0:00:58"]
[BlackClock "0:00:04"]

1. d4 d6 2. c4 e5 3. Nf3 e4 4. Ng5 f5 5. Nc3 Nf6 6. h4 Be7 7. e3 Ng4 8. Nd5 Bxg5 9. hxg5 c6 10. Nf4 Qxg5 11. b3 O-O 12. Ba3 Qf6 13. Be2 Na6 14. Qc2 Nc7 15. Qd2 a5 16. f3 Nh6 17. O-O-O b5 18. g4 bxc4 19. g5 Qxg5 20. Bxd6 Nd5 21. Bxc4 Rd8 22. Rdg1 Qxg1+ 23. Rxg1 Rxd6 24. Qh2 Nf7 25. fxe4 fxe4 26. Nh5 g6 27. Rf1 Re6 28. Nf4 Nxf4 29. Qxf4 Ra7 30. Bxe6 Bxe6 31. Qb8+ 1-0


[Site "https://www.chess.com"]

[Event "Titled Tuesday Blitz November 29 Late 2022"]
[White "Kuzmicz, Krystian"]
[Black "Fedoseev, Vladimir"]
[WhiteFideId "1119125"]
[BlackFideId "24130737"]
[WhiteElo "2661"]
[BlackElo "3037"]
[Result "0-1"]
[Round "02"]
[TimeControl "180+1"]
[Date "2022.11.30"]
[WhiteClock "0:00:04"]
[BlackClock "0:00:18"]

1. e4 c5 2. d3 g6 3. g3 Bg7 4. Bg2 Nc6 5. f4 d6 6. Nf3 Bg4 7. h3 Bxf3 8. Qxf3 e6 9. O-O Nge7 10. Nc3 O-O 11. Be3 Rc8 12. g4 Nd4 13. Qf2 b5 14. f5 exf5 15. exf5 gxf5 16. g5 Ng6 17. Nd5 f4 18. Nxf4 Nf5 19. c3 Nxe3 20. Qxe3 Qxg5 21. Rae1 Rce8 22. Qxe8 Nxf4 23. Qe4 Nxh3+ 24. Kh1 Qh6 25. Bxh3 Qxh3+ 26. Kg1 Kh8 27. Re2 Be5 28. Rg2 f5 29. Qf3 Qh6 30. Kf2 b4 31. Ke2 bxc3 32. bxc3 Bxc3 33. Kd1 Rb8 34. Qd5 Be5 35. Rfg1 Qh5+ 36. Kd2 Qe8 37. Kc1 Qf8 38. Rh1 Qe7 39. Rgg1 Bf4+ 40. Kc2 Qe2+ 41. Kc3 Qb2+ 42. Kc4 Qc2# 0-1


[Site "https://www.chess.com"]

[Event "Titled Tuesday Blitz November 29 Late 2022"]
[White "Leitao, Rafael"]
[Black "Hoffmann, Asa"]
[WhiteFideId "2101246"]
[BlackFideId "2001470"]
[WhiteElo "2609"]
[BlackElo "2117"]
[Result "1-0"]
[Round "02"]
[TimeControl "180+1"]
[Date "2022.11.30"]
[WhiteClock "0:01:15"]
[BlackClock "0:01:28"]

1. c4 Nf6 2. Nc3 d6 3. Nf3 e5 4. d4 Nbd7 5. e4 c6 6. Be2 Be7 7. O-O a6 8. Qc2 b5 9. Rd1 Qc7 10. a3 Bb7 11. h3 O-O 12. Be3 Rfe8 13. Rac1 Bf8 14. Qb1 Qb8 15. b4 h6 16. d5 cxd5 17. cxd5 Be7 18. Nd2 Bd8 19. Nb3 Bb6 20. Bxb6 Nxb6 21. Na5 Ra7 22. Na2 Na4 23. Nc6 Bxc6 24. Rxc6 Rc8 25. Rdc1 Rac7 26. Bd3 Rxc6 27. Rxc6 Rxc6 28. dxc6 Qc7 29. Qc2 d5 30. exd5 Nxd5 31. Be4 Ne7 32. Qd3 g6 33. Qd7 1-0


[Site "https://www.chess.com"]